 Dungeon Crawl Stone Soup version 0.29-a0-341-g24ffce5b50 (webtiles) character file.

Game seed: 62388833725244618

525 bande the Covered (level 7, -6/43 HPs)
             Began as a Gargoyle Fighter on Apr 21, 2022.
             Mangled by Pikel
             ... wielding a +0 whip of freezing
              (10 damage)
             ... on level 4 of the Dungeon.
             The game lasted 00:05:58 (3979 turns).

bande the Covered (Gargoyle Fighter)                Turns: 3979, Time: 00:05:59

Health: -6/43      AC: 18    Str: 20    XL:     7   Next: 23%
Magic:  7/7        EV:  5    Int:  8    God:
Gold:   199        SH:  5    Dex: 11    Spells: 6/6 levels left

rFire   . . .      SeeInvis .   a - +0 war axe
rCold   . . .      Faith    .   c - +0 buckler
rNeg    + . .      Spirit   .   r - +0 plate armour
rPois   ∞          Reflect  .   (no helmet)
rElec   +          Harm     .   (no cloak)
rCorr   +          Rampage  .   (no gloves)
Will    .....                   h - +0 pair of boots
Stlth   ..........              (no amulet)
HPRegen 0.14/turn               e - ring of resist corrosion
MPRegen 0.10/turn               (no ring)

@: no status effects
A: sickness immunity, AC +4, negative energy resistance 1, electricity
resistance, torment resistance 1, petrification resistance
a: no special abilities


You were on level 4 of the Dungeon.
You visited 1 branch of the dungeon, and saw 4 of its levels.

You collected 199 gold pieces.

Inventory:

Hand Weapons
 a - a +0 war axe (weapon)
 b - a +0 war axe
 t - a +0 flail
Missiles
 v - a throwing net (quivered)
Armour
 c - a +0 buckler (worn)
 h - a +0 pair of boots (worn)
 o - an orb of light
 r - a +0 plate armour (worn)
Jewellery
 e - a ring of resist corrosion (left hand)
Wands
 q - a wand of flame (30)
Scrolls
 k - a scroll of holy word
 m - a scroll of noise {unknown}
 p - a scroll of enchant armour {unknown}
 s - a scroll of magic mapping
 u - a scroll of vulnerability {unknown}
Potions
 d - 2 potions of might
 f - a potion of mutation {unknown}
 g - a potion of curing
 i - 3 potions of flight
 j - a potion of resistance {unknown}
 l - a potion of degeneration {unknown}
 n - a potion of lignification {unknown}


   Skills:
 + Level 4.3 Fighting
 + Level 4.4 Axes
 + Level 5.1 Armour
 + Level 4.4 Shields
 * Level 1.9 Evocations


You had 6 spell levels left.
You didn't know any spells.
Your spell library contained the following spells:

 Spells                   Type           Power      Damage    Failure   Level
 Summon Ice Beast         Ice/Summ       0%         N/A       100%        4
 Summon Mana Viper        Hex/Summ       0%         N/A       100%        5
 Monstrous Menagerie      Summ           0%         N/A       100%        7


Dungeon Overview and Level Annotations

Branches:
Dungeon (4/15)
 Temple: D:4-7

Altars:
Yredelemnul

Shops:
D:4 (

Annotations:
D:4 Pikel


Innate Abilities, Weirdness & Mutations

You are immune to sickness and miasma.
Your stone body is resilient. (AC +4)
You are immune to poison.
You resist negative energy. (rN+)
You are resistant to electric shocks. (rElec)
You are resistant to unholy torment.
You are immune to petrification.


Message History

Pikel freezes you.
* * * LOW HITPOINT WARNING * * *
You closely miss Pikel.
Pikel is lightly wounded.
Pikel completely misses you.
Unknown command.
You hit Pikel but do no damage.
Pikel is lightly wounded.
You block Pikel's attack.
Unknown command.
You hit Pikel.
Pikel is lightly wounded.
Pikel hits you with a +0 whip of freezing.
* * * LOW HITPOINT WARNING * * *
Pikel freezes you.
* * * LOW HITPOINT WARNING * * *
Pikel hits you with a +0 whip of freezing.
* * * LOW HITPOINT WARNING * * *
Pikel freezes you.
* * * LOW HITPOINT WARNING * * *
You feel better. Pikel hits you but does no damage.
Unknown command.
You hit Pikel.
Pikel is moderately wounded.
Pikel hits you with a +0 whip of freezing.
* * * LOW HITPOINT WARNING * * *
Pikel freezes you.
* * * LOW HITPOINT WARNING * * *
Unknown command.
You slash Pikel!
Pikel is heavily wounded.
Pikel hits you with a +0 whip of freezing.
* * * LOW HITPOINT WARNING * * *
Pikel freezes you.
* * * LOW HITPOINT WARNING * * *
You hit Pikel.
Pikel is heavily wounded.
Pikel says, "Hell isn't that bad."
Pikel hits you with a +0 whip of freezing!
You die...

.. # #.# ##. #.# #...
#.##.# ..... #.##.#
#...55###.##.###########
#...5K@...........##.).
##..###.........#.##.##
#..##...##.#.....##.#
#........#.#.# #.##.##
##.##....†...# #...>.. #
##.###.#.###.##.## #.#
#..........#
#.........#.####
#.#########)#


You could see Pikel and 3 lemures.

Vanquished Creatures
  Menkaure (D:4)
  2 phantoms
  A bullfrog (D:4)
  Natasha (thrice) (D:2)
  4 gnolls (D:3)
  An adder (D:2)
  A worm (D:3)
  A dart slug (D:4)
  2 orcs (D:4)
  5 ball pythons
  3 bats
  8 endoplasms
  2 giant cockroaches
  11 goblins
  3 hobgoblins
  3 jackals (D:1)
  2 quokkas
  3 training dummies (D:4)
  3 frilled lizards
  6 kobolds
  3 rats (D:1)
68 creatures vanquished.

Notes
Turn   | Place    | Note
-------+----------+-------------------------------------------
     0 | D:1      | bande the Gargoyle Fighter began the quest for the Orb.
     0 | D:1      | Reached XP level 1. HP: 14/14 MP: 1/1
    22 | D:1      | Reached XP level 2. HP: 18/19 MP: 2/2
   205 | D:1      | Reached XP level 3. HP: 17/23 MP: 3/3
   688 | D:2      | Found a basalt altar of Yredelemnul.
  1206 | D:2      | Noticed Natasha
  1212 | D:2      | Killed Natasha
  1213 | D:2      | Reached XP level 4. HP: 9/29 MP: 4/4
  1581 | D:2      | Noticed Natasha
  1589 | D:2      | Killed Natasha
  1590 | D:2      | Reached skill level 4 in Armour
  1593 | D:2      | Noticed Natasha
  1603 | D:2      | Killed Natasha
  1604 | D:2      | Reached XP level 5. HP: 15/33 MP: 5/5
  1908 | D:2      | Found a faded altar of an unknown god.
  2588 | D:3      | Noticed a phantom
  2609 | D:3      | Killed a phantom
  2610 | D:3      | Reached skill level 1 in Evocations
  2610 | D:3      | Reached XP level 6. HP: 20/38 MP: 6/6
  3098 | D:4      | Noticed Menkaure
  3108 | D:4      | Killed Menkaure
  3109 | D:4      | Reached skill level 5 in Armour
  3109 | D:4      | Reached XP level 7. HP: 11/43 MP: 7/7
  3878 | D:4      | Found Gim Kesuc's Firing Range.
  3953 | D:4      | Noticed Pikel
  3979 | D:4      | Mangled by Pikel

Illustrated notes

Levels and vault maps discovered:
D:1:      denvon_arrival_waterhouse, layout_rooms, minmay_hexomino_u4
D:2:      layout_loops_cross, shapermc_ecumenical_altar_mp_vishouse,
          basic_altar, uniq_natasha
D:3:      layout_rooms, kennysheep_generic_room_5
D:4:      layout_loops_ring, minmay_temple_entry_slanted,
          nicolae_shop_firing_range, uniq_pikel, uniq_menkaure

Skill      XL: |  1  2  3  4  5  6 |
---------------+-------------------+-----
Axes           | 2 3 4 |  4.4
Armour         | 4 5 |  5.1
Shields        | 4 |  4.4
Fighting       | 4 |  4.3
Evocations     | 1 |  1.9

Action                   |  1- 3 |  4- 6 |  7- 9 || total
-------------------------+-------+-------+-------++-------
Melee: War axe           |    67 |   108 |    49 ||   224
  Use: Scroll            |     3 |     3 |       ||     6
       Potion            |       |     1 |     1 ||     2
Armor: Scale mail        |    28 |       |       ||    28
       Chain mail        |    14 |    40 |       ||    54
       Plate armour      |       |    61 |    25 ||    86
Dodge: Dodged            |    56 |    40 |    11 ||   107
Block: Buckler           |    16 |    22 |     9 ||    47

Table legend: (Time is in decaauts)
 A = Elapsed time spent in this place.
 B = Non-inter-level travel time spent in this place.
 C = Inter-level travel time spent in this place.
 D = Time resting spent in this place.
 E = Time spent auto-exploring this place.
 F = Levels seen in this place.
 G = Mean time per level.
                   A        B        C        D        E       F      G
               +--------+--------+--------+--------+--------+-----+--------+
         Total |   4085 |   4045 |     40 |   1459 |   1866 |   4 | 1021.2 |
       Dungeon |   4085 |   4045 |     40 |   1459 |   1866 |   4 | 1021.2 |
               +--------+--------+--------+--------+--------+-----+--------+

Top non-repeatable levels by time:
     D:2: 1300 daAuts
     D:3: 1179 daAuts
     D:4: 928 daAuts
     D:1: 676 daAuts
